 Dungeon Crawl Stone Soup version 0.28.0 (webtiles) character file.

Game seed: 11260689793300335068

17 Descartes the Magician (level 2, 0/23 HPs)
             Began as a Djinni Warper on Feb 7, 2022.
             Constricted to death by a ball python (1 damage)
             ... on level 1 of the Dungeon.
             The game lasted 00:00:55 (1109 turns).

Descartes the Magician (Djinni Warper)              Turns: 1109, Time: 00:00:55

Health: 0/23       AC:  3    Str: 10    XL:     2   Next: 80%
Gold:   24         EV:  9    Int: 14    God:
                   SH:  0    Dex: 12

rFire   + + .      SeeInvis .   a - +0 falchion
rCold   x . .      Faith    .   (no shield)
rNeg    . . .      Spirit   .   b - +0 leather armour
rPois   ∞          Reflect  .   (no helmet)
rElec   .          Harm     .   (no cloak)
rCorr   .          Rampage  .   (no gloves)
Will    .....                   (boots unavailable)
Stlth   +.........              (no amulet)
HPRegen 0.07/turn               (no ring)
MPRegen 0.00/turn               (no ring)

@: flying, constricted
A: sickness immunity, fire resistance 2, cold vulnerability 1, float, innate
caster, HP casting, extra vitality 1
a: no special abilities


You were on level 1 of the Dungeon.
You visited 1 branch of the dungeon, and saw 1 of its levels.

You collected 24 gold pieces.

Inventory:

Hand Weapons
 a - a +0 falchion (weapon)
Missiles
 d - 5 boomerangs of dispersal (quivered)
Armour
 b - a +0 leather armour (worn)
Scrolls
 c - a scroll of blinking
 e - a scroll of noise {unknown}
Potions
 f - a potion of brilliance {unknown}
 g - a potion of might {unknown}
 h - a potion of heal wounds {unknown}


   Skills:
 + Level 2.2 Fighting
 + Level 2.0 Long Blades
 - Level 0.7 Throwing
 + Level 1.4 Armour
 + Level 2.4 Dodging
 + Level 2.5 Spellcasting


You couldn't memorise any spells.
You knew the following spells:

 Your Spells              Type           Power      Damage    Failure   Level
a - Blink                 Tloc           16%        N/A       16%         2
b - Lesser Beckoning      Tloc           8%         N/A       30%         3
c - Gell's Gravitas       Tloc           8%         N/A       30%         3
d - Teleport Other        Tloc           8%         N/A       30%         3
e - Manifold Assault      Tloc           8%         N/A       96%         5
Your spell library was empty.

Dungeon Overview and Level Annotations

Branches:
Dungeon (1/15)

Altars:


Innate Abilities, Weirdness & Mutations

You are immune to sickness and miasma.
You are immune to poison.
Your flesh is very heat resistant. (rF++)
You are vulnerable to cold. (rC-)
You float through the air rather than walking.
You learn spells naturally, not from books.
Your magical power is your life essence.
You have superior vitality. (+4 MHP)


Message History

The ball python grabs you. The ball python constricts you.
You closely miss the ball python. The bat hits you but does no damage.
The kobold hits you with a +0 whip. The ball python closely misses you.
The ball python constricts you.
You are too injured to fight recklessly!
You are too injured to fight recklessly!
You are too injured to fight recklessly!
You are too injured to fight recklessly!
You are too injured to fight recklessly!
You are too injured to fight recklessly!
You are too injured to fight recklessly!
You escape the ball python's grasp.
The bat hits you. The bat barely misses you. The bat closely misses you.
The bat hits you but does no damage.
You hit the bat.
The bat is moderately wounded.
The bat hits you but does no damage. The bat hits you.
You hit the bat.
The bat is severely wounded.
The bat hits you. The bat hits you but does no damage.
You hit the bat.
You kill the bat!
The ball python closely misses you. The ball python grabs you.
The ball python constricts you.
You closely miss the kobold. The kobold hits you with a +0 whip.
* * * LOW HITPOINT WARNING * * *
The ball python closely misses you. The ball python constricts you.
You hit the kobold.
The kobold is moderately wounded.
The ball python bites you.
* * * LOW HITPOINT WARNING * * *
The ball python constricts you. The kobold hits you with a +0 whip.
* * * LOW HITPOINT WARNING * * *
You hit the kobold.
The kobold is severely wounded.
The ball python barely misses you. The ball python constricts you.
The kobold closely misses you. The ball python barely misses you.
The ball python constricts you.
You die...

....... ....... .......
....... .......###
.........##### ######
.......#.....## #....#
..........##S.# ####.##.#
.......##.K@..## ##....#>..
$........##8...####..####.##
########.##>.#)......####.##
#.8...8...#.#...#..##
####.####...###.)..##
#8.......# ###..#8
#..#####.#####.##. #..#
#.......### ### ###..#
####....##.


You could see a ball python and a kobold.

Vanquished Creatures
  2 ball pythons (D:1)
  4 bats (D:1)
  2 goblins (D:1)
  A hobgoblin (D:1)
  2 quokkas (D:1)
  3 frilled lizards (D:1)
  A kobold (D:1)
  2 rats (D:1)
17 creatures vanquished.

Notes
Turn   | Place    | Note
-------+----------+-------------------------------------------
     0 | D:1      | Descartes the Djinni Warper began the quest for the Orb.
     0 | D:1      | Reached XP level 1. HP: 18/18 MP: 0/0
   182 | D:1      | Found Pyruxad's Antique Armour Emporium.
   509 | D:1      | Reached XP level 2. HP: 21/23 MP: 0/0
  1108 | D:1      | HP: 1/23 [kobold (2)]
  1109 | D:1      | Constricted to death by a ball python

Illustrated notes

Levels and vault maps discovered:
D:1:      saegor_arrival_simple_c, layout_rooms, serial_shops,
          nicolae_shop_statue_plus

Skill      XL: |  1  2 |
---------------+-------+-----
Long Blades    | 2 |  2.0
Fighting       | |  2.2
Throwing       | |  0.7
Armour         | |  1.4
Dodging        | |  2.4
Spellcasting   | |  2.5

Action                   || total
-------------------------++-------
Melee: Falchion          ||    68
       Punch             ||     2
Armor: Leather armour    ||    31
Dodge: Dodged            ||    54
